 Dungeon Crawl Stone Soup version 0.30-a0-1094-g860fb061e7 (webtiles) character file.

Game seed: 11711786898030192065

27764 jasper the Eclecticist (level 13, -4/76 HPs)
             Began as a Deep Elf Conjurer on Apr 15, 2023.
             Was a High Priest of Vehumet.
             Slain by a seven-headed hydra (10 damage)
             ... on level 3 of the Lair of Beasts on Apr 17, 2023.
             The game lasted 00:26:30 (15158 turns).

jasper the Eclecticist (Deep Elf Conjurer)         Turns: 15158, Time: 00:26:30

Health: -4/76      AC:  8    Str:  7    XL:     13   Next: 6%
Magic:  0/36       EV: 20    Int: 35    God:    Vehumet [*****.]
Gold:   426        SH:  0    Dex: 22    Spells: 11/46 levels left

rFire   + . .      SeeInvis .    p - +9 hand axe of Nuuhil {heavy, rF+ rC+ Dex+3}
rCold   + . .      Faith    .    (no shield)
rNeg    . . .      Spirit   .    c - +0 steam dragon scales
rPois   .          Reflect  .    e - +0 helmet
rElec   .          Rampage  .    s - +0 cloak
rCorr   .                        (no gloves)
Will    +....                    R - +0 pair of boots "Wonusu" {Str+3}
Stlth   +++                      t - amulet of regeneration
HPRegen 1.12/turn                g - +6 ring of intelligence
MPRegen 0.25/turn                q - +6 ring of dexterity

@: no status effects
A: no striking features
a: Renounce Religion


You were on level 3 of the Lair of Beasts.
You worshipped Vehumet.
Vehumet was extremely pleased with you.
You visited 4 branches of the dungeon, and saw 17 of its levels.

You collected 698 gold pieces.
You spent 272 gold pieces at shops.

Inventory:

Hand Weapons
 i - a +1 short sword
 p - the +9 hand axe of Nuuhil (weapon) {heavy, rF+ rC+ Dex+3}
   (You found it on level 4 of the Dungeon)

   Dex:       It affects your dexterity (+3).
   rF:        It protects you from fire.
   rC:        It protects you from cold.
Missiles
 u - 13 curare-tipped darts
 x - a throwing net
Armour
 a - a +0 robe
 c - +0 steam dragon scales (worn)
 e - a +0 helmet (worn)
 s - a +0 cloak (worn)
 B - a +2 kite shield of cold resistance
 M - a scarf of repulsion
 R - the +0 pair of boots "Wonusu" (worn) {Str+3}
   (You found it on level 11 of the Dungeon)

   Str:       It affects your strength (+3).
Jewellery
 g - a +6 ring of intelligence (left hand)
 q - a +6 ring of dexterity (right hand)
 t - an amulet of regeneration (around neck)
 D - a ring of willpower
 E - a +6 ring of strength
 H - a ring of flight
 I - a ring of magical power
 P - the amulet of the Raven {Faith Str+5 Dex-3}
   (You found it on level 11 of the Dungeon)

   [amulet of faith]

   It allows you to gain divine favour quickly.
   Str:       It affects your strength (+5).
   Dex:       It affects your dexterity (-3).
 Q - a ring of poison resistance
Wands
 v - a wand of flame (28)
 N - a wand of digging (13)
 O - a wand of charming (16)
 S - a wand of polymorph (5)
Scrolls
 o - a scroll of fog
 y - a scroll of enchant armour
 C - 3 scrolls of poison
 F - 4 scrolls of teleportation
 J - 3 scrolls of fear
 L - 2 scrolls of blinking
Potions
 b - 2 potions of heal wounds
 d - 2 potions of brilliance
 f - 5 potions of resistance
 h - 5 potions of curing
 j - 4 potions of flight
 k - 2 potions of attraction
 l - 4 potions of might
 m - 2 potions of haste
 r - 2 potions of ambrosia
 w - a potion of mutation
 z - 6 potions of degeneration
 G - 2 potions of lignification
 K - a potion of cancellation


   Skills:
 - Level 7.0 Fighting
 - Level 10.0 Dodging
 - Level 2.4 Stealth
 + Level 6.3 Shields
 - Level 17.0 Spellcasting
 - Level 11.3 Conjurations
 - Level 4.0 Hexes
 - Level 4.0 Translocations
 - Level 2.0 Fire Magic
 - Level 2.0 Earth Magic
 - Level 4.0 Poison Magic


You had 11 spell levels left.
You knew the following spells:

 Your Spells              Type           Power      Damage    Failure   Level
a - Magic Dart            Conj           100%       1d8       0%          1
b - Searing Ray           Conj           100%       2d8       0%          2
c - Cigotuvi's Dreadful   Necr/Pois/Air  78%        N/A       1%          2
d - Fulminant Prism       Conj/Hex       35%        3d17      1%          4
e - Iskenderun's Mystic   Conj/Tloc      70%        2d14      1%          4
f - Ignite Poison         Fire/Tmut/Pois 43%        N/A       1%          3
g - Olgreb's Toxic Radia  Pois           55%        N/A       1%          4
h - Orb of Destruction    Conj           41%        9d11      2%          7
i - Stone Arrow           Conj/Erth      100%       3d13      1%          3
j - Lee's Rapid Deconstr  Erth           21%        3d12*     4%          5

Your spell library contained the following spells:

 Spells                   Type           Power      Damage    Failure   Level
 Sting                    Tmut/Pois      100%       1d8       1%          1
 Poisonous Vapours        Pois/Air       86%        N/A       1%          2
 Sublimation of Blood     Necr           29%        N/A       1%          2
 Wereblood                Tmut           29%        N/A       1%          2
 Dazzling Flash           Conj/Hex       100%       N/A       1%          3
 Summon Guardian Golem    Hex/Summ       43%        N/A       1%          3
 Vhi's Electric Charge    Tloc/Air       86%        N/A       1%          3
 Sticky Flame             Conj/Fire      66%        2d8       1%          4
 Arcjolt                  Conj/Air       31%        1d41      1%          5
 Vampiric Draining        Necr           29%        2d8       3%          3
 Dispel Undead            Necr           29%        3d13      12%         4
 Spellforged Servitor     Conj/Summ      31%        N/A       26%         7
 Plasma Beam              Fire/Air       18%        2x1d32    30%         6
 Death Channel            Necr           14%        N/A       88%         6
 Summon Hydra             Summ           14%        N/A       100%        7
 Ignition                 Fire           21%        3d8       100%        8


Dungeon Overview and Level Annotations

Branches:
Dungeon (12/15)            Temple (1/1) D:6            Lair (3/5) D:9
 Shoals (0/4) Lair:3        Snake (0/4) Lair:2          Orc (1/2) D:9

Altars:
Ashenzari
Elyvilon
Fedhas
Kikubaaqudgha
Makhleb
Nemelex Xobeh
Okawaru
Qazlal
Ru
Sif Muna
Vehumet
Yredelemnul

Shops:
D:4 ?   D:5 [   D:6 [

Portals:
Trove: D:10 (give +3 ice dragon scales)


Message History

The seven-headed hydra misses you.
The seven-headed hydra bites you but does no damage.
The seven-headed hydra bites you! The seven-headed hydra misses you.
You take 22 damage, and have 54/76 hp.
MASSIVE DAMAGE!!
Okay, then.
Unknown command.
Okay, then.
Unknown command.
Casting: Lee's Rapid Deconstruction (dangerous; 4% risk of failure)
Confirm with . or Enter, or press ? or * to list all spells.
Aiming: Searing Ray (safe; 0% risk of failure)
Press: ? - help, Shift-Dir - straight line, f - seven-headed hydra
Aim: a seven-headed hydra (almost dead, 94% to hit)
The searing ray misses the seven-headed hydra. (Press . to maintain the ray.)
The seven-headed hydra misses you. The seven-headed hydra bites you!
The seven-headed hydra closely misses you.
The seven-headed hydra misses you.
The seven-headed hydra bites you but does no damage.
The seven-headed hydra bites you! x2
You take 28 damage, and have 26/76 hp.
MASSIVE DAMAGE!!
You now have 1/36 mp.
The searing ray hits the seven-headed hydra!
The seven-headed hydra is almost dead.
The seven-headed hydra bites you.
* * * LOW HITPOINT WARNING * * *
The seven-headed hydra bites you!
* * * LOW HITPOINT WARNING * * *
The seven-headed hydra bites you but does no damage.
The seven-headed hydra completely misses you.
The seven-headed hydra barely misses you.
The seven-headed hydra closely misses you.
The seven-headed hydra bites you but does no damage.
You take 12 damage, and have 14/76 hp.
You now have 0/36 mp.
Without enough magic to sustain it, your searing ray dissipates.
The seven-headed hydra closely misses you.
The seven-headed hydra bites you!
* * * LOW HITPOINT WARNING * * *
The seven-headed hydra closely misses you.
The seven-headed hydra misses you. The seven-headed hydra bites you!
You die...

....$...###....P#.##..##
.......!##......).......
..............##P###.##.
#...#...# #....######...
#.....#)###.#...#.##..##
#.......†##..†..........
#$...†...##.#P.#.####
#..D.....########
##.@.##### .........#
#..#...#.# . #P.><..
....$..## #P##....# ##
...#.. #P.# .#


You could see a seven-headed hydra.

Vanquished Creatures
  A hydra (Lair:2)
  4 two-headed ogres
  Erica (D:9)
  3 boulder beetles
  A skyshark (Lair:2)
  Pikel (D:7)
  2 manticores
  A guardian serpent (Lair:2)
  A cane toad (Lair:3)
  A gargoyle (D:12)
  An unseen horror (D:10)
  Maggie (D:7)
  3 rime drakes
  7 komodo dragons
  4 trolls
  A wind drake (Lair:3)
  8 blink frogs
  Prince Ribbit (D:7)
  3 shadows
  A wraith (D:11)
  Sigmund (D:2)
  2 vampires
  2 wyverns
  A basilisk (Lair:3)
  31 yaks
  2 steam dragons
  2 vampire mosquitoes (D:12)
  Duvessa (D:7)
  14 water moccasins
  An ice beast (D:7)
  3 sky beasts
  6 orc warriors
  4 black bears
  5 wolves (Lair:2)
  2 centaurs
  An ogre (D:6)
  4 lemures (D:7)
  2 phantoms
  2 kobold brigands
  Blork the orc (D:5)
  15 bullfrogs
  2 gnoll sergeants
  A scorpion (D:6)
  7 wights
  Dowan (D:7)
  11 killer bees
  4 howler monkeys
  3 hounds
  4 jellies
  Crazy Yiuf (D:5)
  11 orc priests
  2 sleepcaps
  Terence (D:2)
  9 iguanas
  14 orc wizards
  5 hell rats (Lair:2)
  12 gnolls
  7 adders
  4 river rats (Lair:2)
  5 white imps
  A dart slug (D:1)
  36 orcs
  A bat (D:2)
  6 endoplasms
  3 giant cockroaches (D:1)
  4 goblins
  3 hobgoblins
  4 jackals (D:4)
  A quokka (D:5)
  6 ball pythons
  2 frilled lizards (D:1)
  15 kobolds
  6 rats (Lair:2)
340 creatures vanquished.

Vanquished Creatures (others)
  An orc (D:7)
  A bush (D:8)
  10 fulminant prisms
  41 fungi
  51 plants
104 creatures vanquished.

Grand Total: 444 creatures vanquished

Notes
Turn   | Place    | Note
-------+----------+-------------------------------------------
     0 | D:1      | jasper the Deep Elf Conjurer began the quest for the Orb.
     0 | D:1      | Reached XP level 1. HP: 10/10 MP: 6/6
    59 | D:1      | Upgraded the game from 0.30-a0-1075-gcd70e7a56d to
                  | 0.30-a0-1094-g860fb061e7
   301 | D:1      | Reached XP level 2. HP: 15/15 MP: 4/8
   304 | D:1      | Learned a level 2 spell: Searing Ray
   633 | D:1      | Learned a level 2 spell: Cigotuvi's Dreadful Rot
  1016 | D:2      | Noticed Terence
  1072 | D:2      | Noticed Sigmund
  1164 | D:3      | Reached skill level 4 in Spellcasting
  1164 | D:3      | Reached skill level 5 in Conjurations
  1164 | D:3      | Reached XP level 3. HP: 19/19 MP: 5/10
  1533 | D:4      | Reached XP level 4. HP: 24/24 MP: 6/12
  1539 | D:3      | Reached skill level 5 in Spellcasting
  1641 | D:4      | Reached XP level 5. HP: 28/28 MP: 2/15
  1737 | D:4      | Learned a level 4 spell: Fulminant Prism
  1742 | D:4      | Learned a level 4 spell: Iskenderun's Mystic Blast
  1854 | D:4      | Noticed a phantom
  1861 | D:4      | Killed a phantom
  1862 | D:4      | Reached skill level 1 in Hexes
  1862 | D:4      | Reached skill level 1 in Translocations
  2011 | D:4      | Found Oricis's Magic Scroll Shop.
  2044 | D:4      | Bought a scroll of identify for 20 gold pieces
  2044 | D:4      | Bought a scroll of identify for 20 gold pieces
  2044 | D:4      | Bought a scroll of identify for 20 gold pieces
  2044 | D:4      | Bought a scroll of fear for 40 gold pieces
  2075 | D:4      | Reached XP level 6. HP: 32/32 MP: 10/16
  2079 | D:4      | Learned a level 3 spell: Ignite Poison
  2194 | D:4      | Reached skill level 6 in Spellcasting
  2249 | D:4      | Identified the +9 hand axe of Nuuhil {heavy, rF+ rC+ Dex+3}
  2350 | D:4      | Found a burning altar of Makhleb.
  2552 | D:5      | Entered Level 5 of the Dungeon
  2659 | D:5      | Found Eshreddo's Antique Armour Emporium.
  2925 | D:5      | Noticed Blork the orc
  2939 | D:5      | Killed Blork the orc
  2940 | D:5      | Reached XP level 7. HP: 28/36 MP: 7/18
  3069 | D:5      | Found a runed translucent door.
  3070 | D:5      | Noticed Crazy Yiuf
  3174 | D:5      | Found an iron altar of Okawaru.
  3219 | D:5      | Found a stormy altar of Qazlal.
  3454 | D:5      | Killed Crazy Yiuf
  3547 | D:6      | Reached skill level 7 in Spellcasting
  3641 | D:6      | Learned a level 4 spell: Olgreb's Toxic Radiance
  3655 | D:6      | Found Ebassyl's Antique Armour Boutique.
  3803 | D:6      | Reached skill level 1 in Fire Magic
  3803 | D:6      | Reached skill level 1 in Poison Magic
  3987 | D:6      | Reached XP level 8. HP: 32/41 MP: 12/21
  4144 | D:6      | Found a staircase to the Ecumenical Temple.
  4172 | Temple   | Entered the Ecumenical Temple
  4176 | Temple   | Became a worshipper of Vehumet
  4327 | D:6      | Reached skill level 8 in Spellcasting
  4810 | D:6      | Found a basalt altar of Yredelemnul.
  4917 | D:6      | Reached skill level 1 in Fighting
  5051 | D:2      | Killed Sigmund
  5052 | D:2      | Reached skill level 9 in Spellcasting
  5190 | D:2      | Killed Terence
  5402 | D:2      | Found a faded altar of an unknown god.
  5523 | D:6      | Bought a shiny kite shield for 172 gold pieces
  5560 | D:7      | Noticed Pikel
  5568 | D:7      | Killed Pikel
  5569 | D:7      | Reached XP level 9. HP: 44/48 MP: 12/24
  5572 | D:7      | Reached skill level 10 in Spellcasting
  5736 | D:7      | Noticed Duvessa
  5736 | D:7      | Noticed Dowan
  5739 | D:7      | Killed Dowan
  5740 | D:7      | Killed Duvessa
  5803 | D:7      | Reached * piety under Vehumet
  5803 | D:7      | Offered knowledge of Kiss of Death by Vehumet.
  5851 | D:7      | Noticed a boulder beetle
  5853 | D:7      | Noticed a manticore
  5862 | D:7      | Killed a boulder beetle
  5862 | D:7      | Killed a manticore
  5863 | D:7      | Reached skill level 5 in Dodging
  5863 | D:7      | Reached skill level 11 in Spellcasting
  5989 | D:7      | Reached XP level 10. HP: 56/56 MP: 16/27
  6235 | D:7      | Noticed Prince Ribbit
  6240 | D:7      | Killed Prince Ribbit
  6263 | D:7      | Reached skill level 12 in Spellcasting
  6580 | D:7      | Noticed Maggie
  6614 | D:7      | Killed Maggie
  7077 | D:8      | Offered knowledge of Static Discharge by Vehumet.
  7235 | D:8      | Reached ** piety under Vehumet
  7384 | D:8      | Found an ancient bone altar of Kikubaaqudgha.
  7384 | D:8      | Found a sparkling altar of Nemelex Xobeh.
  7384 | D:8      | Found a shimmering blue altar of Sif Muna.
  7640 | D:8      | Noticed a two-headed ogre
  7644 | D:8      | Killed a two-headed ogre
  7645 | D:8      | Reached skill level 13 in Spellcasting
  7718 | D:8      | Found a sacrificial altar of Ru.
  7987 | D:8      | Found a blossoming altar of Fedhas.
  8197 | D:9      | Found a staircase to the Orcish Mines.
  8210 | Orc:1    | Entered Level 1 of the Orcish Mines
  8504 | D:9      | Offered knowledge of Scorch by Vehumet.
  8765 | D:9      | Found a staircase to the Lair.
  8776 | D:9      | Reached XP level 11. HP: 62/62 MP: 24/30
  8824 | D:9      | Reached skill level 5 in Fighting
  8828 | D:9      | Reached *** piety under Vehumet
  8842 | D:9      | Learned a level 7 spell: Orb of Destruction
  9015 | D:9      | Noticed Erica
  9019 | D:9      | Killed Erica
  9020 | D:9      | Reached skill level 14 in Spellcasting
  9231 | D:9      | Reached skill level 10 in Conjurations
  9477 | D:10     | Entered Level 10 of the Dungeon
  9554 | D:10     | Offered knowledge of Stone Arrow by Vehumet.
  9559 | D:10     | Learned a level 3 spell: Stone Arrow
  9890 | D:10     | Found a portal to a secret trove of treasure.
 10290 | D:11     | Noticed a boulder beetle
 10298 | D:11     | Killed a boulder beetle
 10416 | D:11     | Reached skill level 15 in Spellcasting
 10420 | D:11     | Reached **** piety under Vehumet
 10653 | D:11     | Identified the amulet of the Raven {Faith Str+5 Dex-3}
 10682 | D:11     | Offered knowledge of Lee's Rapid Deconstruction by Vehumet.
 10691 | D:11     | Learned a level 5 spell: Lee's Rapid Deconstruction
 10766 | D:11     | Noticed a two-headed ogre
 10770 | D:11     | Killed a two-headed ogre
 11128 | D:11     | Noticed a boulder beetle
 11132 | D:11     | Killed a boulder beetle
 11133 | D:11     | Reached XP level 12. HP: 70/70 MP: 20/33
 11195 | D:11     | Noticed a two-headed ogre
 11200 | D:11     | Killed a two-headed ogre
 11201 | D:11     | Reached skill level 1 in Earth Magic
 11428 | D:11     | Identified the +0 pair of boots "Wonusu" {Str+3}
 11783 | D:12     | Reached skill level 16 in Spellcasting
 11949 | D:12     | Noticed a two-headed ogre
 11954 | D:12     | Killed a two-headed ogre
 12629 | Lair:1   | Entered Level 1 of the Lair of Beasts
 12739 | Lair:1   | Reached skill level 10 in Dodging
 13226 | Lair:1   | Reached skill level 1 in Shields
 13432 | Lair:2   | Found a staircase to the Snake Pit.
 13525 | Lair:2   | Reached skill level 17 in Spellcasting
 13911 | Lair:2   | Got Zoaxkues's Exposition on the Deathly Storm
 13958 | Lair:2   | Noticed a five-headed hydra
 13964 | Lair:2   | Killed a five-headed hydra
 13968 | Lair:2   | Reached skill level 5 in Shields
 14838 | Lair:3   | Found a staircase to the Shoals.
 14843 | Lair:3   | Reached XP level 13. HP: 76/76 MP: 18/36
 15041 | Lair:3   | Reached ***** piety under Vehumet
 15158 | Lair:3   | Slain by a seven-headed hydra

Illustrated notes

Levels and vault maps discovered:
D:1:      minmay_arrival_floating_metal, layout_loops_cross
D:2:      layout_basic, shapermc_ecumenical_altar_notcrosses, uniq_terence,
          uniq_sigmund
D:3:      layout_basic, hangedman_decor_push
D:4:      layout_cave_pools, makhleb_heckhound_becter, serial_shops,
          nicolae_stop_n_shop_1
D:5:      layout_cave_pools, mainiacjoe_overflow_two_lobes, serial_shops,
          nicolae_shop_dealshenge, uniq_blork_the_orc, uniq_crazy_yiuf_cottage
D:6:      layout_basic, lemuel_coloured_pillars_altar,
          minmay_temple_entry_statues_pillars, serial_shops,
          nicolae_shop_just_a_little_nook
D:7:      minmay_chambers_of_sixes, layout_basic, uniq_duvessa, uniq_maggie,
          uniq_pikel, uniq_prince_ribbit1
D:8:      layout_loops_ring, gammafunk_temple_overflow_forgotten,
          nicolae_ru_awakened_eye, fedhas_altar_4, minmay_misc_feat_tiny
D:9:      layout_big_octagon, due_lair_maze_entry_diamond, orc_0_dummy,
          serial_column_ruins, column_ruins_hut, column_ruins_open_medium,
          column_ruins_columns_corner, column_ruins_open_small,
          palyth_stone_intersect, minmay_door_square, kennysheep_generic_room_4,
          uniq_erica
D:10:     layout_small_grid, nicolae_trove_entry_diagonal
D:11:     layout_rooms, minivault_26, nzn_life_drinkers
D:12:     layout_loops_ring
Temple:   nicolae_temple_bog_church
Lair:1:   layout_misc_corridors
Lair:2:   layout_roguey, minmay_snake_entry_spellcaster,
          kennysheep_abandoned_house
Lair:3:   layout_loops_ring, minmay_shoals_entry_beasts,
          chequers_serial_rivers_small_3
Orc:1:    layout_diamond_mine, serial_shops, nicolae_shop_real_fake_doors,
          nicolae_shop_self_help

Skill      XL: |  1  2  3  4  5  6  7  8  9 10 11 12 13 |
---------------+----------------------------------------+-----
Spellcasting   | 4 5 6 7 9 11 13 15 17 | 17.0
Conjurations   | 5 6 7 8 9 10 11 | 11.3
Hexes          | 1 3 4 |  4.0
Translocations | 1 2 3 4 |  4.0
Fire Magic     | 1 2 |  2.0
Poison Magic   | 1 4 |  4.0
Fighting       | 2 3 4 6 7 |  7.0
Dodging        | 4 6 7 9 10 | 10.0
Earth Magic    | 2 |  2.0
Shields        | 5 6 |  6.3
Stealth        | |  2.4

Action                     |  1- 3 |  4- 6 |  7- 9 | 10-12 | 13-15 || total
---------------------------+-------+-------+-------+-------+-------++-------
  Melee: Hand axe          |       |       |       |    18 |       ||    18
   Cast: Magic Dart        |    41 |    40 |    41 |    37 |       ||   159
         Searing Ray       |     4 |    18 |    29 |    14 |     1 ||    66
         Fulminant Prism   |       |     3 |     5 |     2 |       ||    10
         Iskenderun's Myst |       |       |     7 |    20 |       ||    27
         Ignite Poison     |       |       |    13 |   124 |     5 ||   142
         Olgreb's Toxic Ra |       |       |    10 |    92 |     2 ||   104
         Orb of Destructio |       |       |       |    21 |     3 ||    24
         Lee's Rapid Decon |       |       |       |    26 |     9 ||    35
         Stone Arrow       |       |       |       |     4 |       ||     4
    Use: Scroll            |       |     8 |    11 |     8 |       ||    27
         Potion            |       |       |     7 |       |       ||     7
 Armour: Robe              |       |     1 |     6 |     2 |       ||     9
         Steam dragon scal |       |       |       |    15 |     5 ||    20
  Dodge: Dodged            |       |     5 |    17 |    59 |    12 ||    93

Table legend: (Time is in decaauts)
 A = Elapsed time spent in this place.
 B = Non-inter-level travel time spent in this place.
 C = Inter-level travel time spent in this place.
 D = Time resting spent in this place.
 E = Time spent auto-exploring this place.
 F = Levels seen in this place.
 G = Mean time per level.
                   A        B        C        D        E       F      G
               +--------+--------+--------+--------+--------+-----+--------+
         Total |  15209 |  14546 |    663 |    687 |  12265 |  17 |  894.6 |
       Dungeon |  12603 |  12018 |    585 |    630 |  10052 |  12 | 1050.2 |
        Temple |      8 |      5 |      3 |      0 |      0 |   1 |    8.0 |
          Lair |   2533 |   2459 |     74 |      0 |   2213 |   3 |  844.3 |
  Orcish Mines |     63 |     63 |      0 |     57 |      0 |   1 |   63.0 |
               +--------+--------+--------+--------+--------+-----+--------+

Top non-repeatable levels by time:
  Lair:2: 1437 daAuts
     D:6: 1435 daAuts
     D:7: 1415 daAuts
    D:11: 1347 daAuts
     D:8: 1248 daAuts
     D:9: 1248 daAuts
     D:1: 1117 daAuts
     D:5: 999 daAuts
    D:10: 946 daAuts
     D:4: 941 daAuts
    D:12: 827 daAuts
  Lair:1: 759 daAuts
     D:3: 550 daAuts
     D:2: 522 daAuts
  Lair:3: 336 daAuts
